 Dungeon Crawl Stone Soup version 0.20-a0-1023-gc4d110f (webtiles) character file.

32 M4edhros the Insei (level 3, 0/17 HPs)
             Began as a Vine Stalker Transmuter on Apr 19, 2017.
             Slain by a hobgoblin
             ... wielding a +0 club
              (3 damage)
             ... on level 1 of the Dungeon.
             The game lasted 00:01:57 (373 turns).

M4edhros the Insei (Vine Stalker Transmuter)         Turns: 373, Time: 00:01:58

Health: 0/17       AC:  2    Str: 12    XL:     3   Next: 27%
Magic:  0/7        EV: 12    Int: 13    God:
Gold:   49         SH:  0    Dex: 15    Spells: 3/6 levels left

rFire    . . .     SeeInvis .   e - +0 trident (flame)
rCold    . . .     Gourm    .   (no shield)
rNeg     . . .     Faith    .   b - +0 robe
rPois    .         Spirit   +   (no helmet)
rElec    .         Reflect  .   (no cloak)
rCorr    .         Harm     .   (no gloves)
MR       .....                  (no boots)
Stlth    +.........             (no amulet)
Regen    0.1/turn               (no ring)
MPRegen  0.1/turn               (no ring)

@: no status effects
A: fangs 2, magic shield, antimagic bite, no potion heal 3, rot immunity
a: no special abilities


You were on level 1 of the Dungeon.
You were not hungry.

You visited 1 branch of the dungeon, and saw 2 of its levels.

You collected 49 gold pieces.

Inventory:

Hand Weapons
 e - a +0 trident of flaming (weapon)
Missiles
 a - 11 arrows
Armour
 b - a +0 robe (worn)
Scrolls
 h - a scroll of magic mapping {unknown}
 j - a scroll of enchant armour {unknown}
Potions
 f - 2 potions of haste {unknown}
 g - a potion of brilliance {unknown}
 k - 2 potions of curing {unknown}
Books
 c - a book of Changes

   Spells                             Type                      Level
   a - Beastly Appendage              Transmutation                1
   b - Sticks to Snakes               Transmutation                2
   c - Spider Form                    Transmutation/Poison         3
   d - Ice Form                       Ice/Transmutation            4
   e - Blade Hands                    Transmutation                5
Comestibles
 d - a bread ration
 i - a chunk of flesh


   Skills:
 - Level 0.8 Fighting
 - Level 1.5 Dodging
 + Level 3.7 Unarmed Combat
 - Level 2.1 Spellcasting
 + Level 2.8 Transmutations


You had 3 spell levels left.
You knew the following spells:

 Your Spells              Type           Power        Failure   Level  Hunger
a - Beastly Appendage     Tmut           #.....       8%          1    ##.....
b - Sticks to Snakes      Tmut           #.......     12%         2    ###....


Dungeon Overview and Level Annotations

Branches:
Dungeon (2/15)

Altars:


Innate Abilities, Weirdness & Mutations

You have extremely sharp teeth.
When hurt, damage is shared between your health and your magic reserves.
Your bite disrupts and absorbs the magic of your enemies.
Potions cannot restore your health.
You are immune to rotting.


Message History

The goblin closely misses you. The hobgoblin hits you with a club.
The goblin misses you. The hobgoblin hits you with a club.
You are too injured to fight recklessly!
You are too injured to fight recklessly!
Some of the chunks of flesh in your inventory have rotted away.
You hit the goblin. You burn the goblin.
You kill the goblin!
The hobgoblin hits you with a club.
* * * LOW HITPOINT WARNING * * *
You barely miss the hobgoblin. Your bite misses the hobgoblin.
The hobgoblin barely misses you.
You barely miss the hobgoblin. The hobgoblin hits you with a club.
* * * LOW HITPOINT WARNING * * *
You hit the hobgoblin. You burn the hobgoblin. Your bite misses the hobgoblin.
The hobgoblin is heavily wounded.
The hobgoblin misses you.
You closely miss the hobgoblin. Your bite misses the hobgoblin.
The hobgoblin is heavily wounded.
The hobgoblin hits you with a club.
You die...

. .# .# # ..
#.#### .#.....#
.......#
#......##
...####........
≈..............
≈≈.####g#.##...
#@#.# . #...#
... ##†.##....
#........
#..#######
#.>......#
#.######.# #.#
#..


You could see a hobgoblin.

Vanquished Creatures
  An adder (D:2)
  A worm (D:2)
  A dart slug (D:2)
  A leopard gecko (D:1)
  A ball python (D:2)
  A bat (D:1)
  A goblin (D:1)
  A hobgoblin (D:1)
  5 jackals (D:2)
  2 frilled lizards
15 creatures vanquished.

Vanquished Creatures (collateral kills)
  A dart slug (D:2)
  A jackal (D:2)
2 creatures vanquished.

Grand Total: 17 creatures vanquished

Notes
Turn   | Place    | Note
-------+----------+-------------------------------------------
     0 | D:1      | M4edhros the Vine Stalker Transmuter began the quest for the Orb.
     0 | D:1      | Reached XP level 1. HP: 9/9 MP: 4/4
   123 | D:2      | Reached XP level 2. HP: 7/14 MP: 4/6
   130 | D:2      | Learned a level 2 spell: Sticks to Snakes
   188 | D:2      | Reached XP level 3. HP: 3/17 MP: 1/7
   373 | D:1      | Slain by a hobgoblin

Vault maps used:
D:1:      roderic_crop_circles_arrival_small, serial_bayou_lagoon_b
D:2:      gammafunk_temple_overflow_forgotten, serial_bayou_pond_b,
          okawaru_gym_becter

Action                   || total
-------------------------++-------
Melee: Unarmed           ||    10
       Trident           ||    42
       Bite              ||     8
       Kick              ||     1
       Headbutt          ||     1
 Cast: Beastly Appendage ||     4
       Sticks to Snakes  ||     1
Armor: Robe              ||    10
Dodge: Dodged            ||    29
